 Dungeon Crawl Stone Soup version 0.31-a0-803-g95b03c3367 (webtiles) character file.

Game seed: 2740958537592718009

995 Dirtsage the Cleaver (level 7, -8/52 HPs)
             Began as a Demonspawn Fighter on Sept 20, 2023.
             Mangled by Edmund
             ... wielding a +4 dire flail of holy wrath
              (18 damage)
             ... on level 5 of the Dungeon.
             The game lasted 00:07:29 (4268 turns).

Dirtsage the Cleaver (Demonspawn Fighter)           Turns: 4268, Time: 00:07:29

Health: -8/52      AC: 12    Str: 18    XL:     7   Next: 99%
Magic:  0/7        EV:  7    Int:  9    God:
Gold:   189        SH:  4    Dex: 13    Spells: 6/6 levels left

rFire   . . .        a - +0 war axe
rCold   . . .        c - +0 buckler
rNeg    . . .        u - +0 plate armour
rPois   .            d - +0 helmet
rElec   .            (no cloak)
rCorr   .            (no gloves)
SInv    .            (no boots)
Will    .....        g - amulet of guardian spirit Stlth
                     t - +4 ring of slaying
HPRegen 0.28/turn    (no ring)
MPRegen 0.10/turn

%: guardian spirit
@: no status effects
A: demonic guardian 1, sturdy frame 2, weakness stinger 2
a: no special abilities


You were on level 5 of the Dungeon.
You visited 1 branch of the dungeon, and saw 5 of its levels.

You collected 189 gold pieces.

Inventory:

Hand Weapons
 a - a +0 war axe (weapon)
Armour
 c - a +0 buckler (worn)
 d - a +0 helmet (worn)
 r - the +0 leather armour of Gohiynav {-Cast *Slow rF+ rC+++}
   (You took it off a hobgoblin on level 4 of the Dungeon)

   rF+:       It protects you from fire.
   rC+++:     It renders you almost immune to cold.
   -Cast:     It prevents spellcasting.
   *Slow:     It may slow you when you take damage.
 u - a +0 plate armour (worn)
Jewellery
 g - an amulet of guardian spirit (around neck)
 t - a +4 ring of slaying (left hand)
Wands
 x - a wand of iceblast (11)
Scrolls
 b - 2 scrolls of revelation {unknown}
 e - a scroll of butterflies {unknown}
 f - a scroll of fog
 i - a scroll of identify
 k - a scroll of noise
 l - 3 scrolls of vulnerability
 m - 2 scrolls of fear {unknown}
 o - 2 scrolls of teleportation {unknown}
 p - a scroll of enchant armour {unknown}
 s - a scroll of blinking {unknown}
 v - a scroll of poison {unknown}
Potions
 h - 3 potions of heal wounds {unknown}
 j - 2 potions of mutation
 n - 2 potions of degeneration {unknown}
 q - 2 potions of curing
 w - a potion of lignification {unknown}


   Skills:
 - Level 3.0 Fighting
 + Level 8.7 Axes
 - Level 2.6 Armour
 - Level 2.6 Shields


You had 6 spell levels left.
You didn't know any spells.
Your spell library contained the following spells:

 Spells                   Type           Power      Damage    Failure   Level
 Ensorcelled Hibernation  Hex/Ice        0%         N/A       100%        2
 Jinxbite                 Hex            0%         N/A       100%        2
 Stone Arrow              Conj/Erth      0%         3d7       100%        3
 Anguish                  Hex/Necr       0%         N/A       100%        4
 Animate Armour           Summ/Erth      0%         N/A       100%        4
 Cause Fear               Hex            0%         N/A       100%        4
 Fireball                 Conj/Fire      0%         3d3       100%        5
 Lehudib's Crystal Spear  Conj/Erth      0%         10d2      100%        8
 Dragon's Call            Summ           0%         N/A       100%        9


Dungeon Overview and Level Annotations

Branches:
Dungeon (5/15)
 Temple: D:4-7

Altars:
Dithmenos
Hepliaklqana
Makhleb
Nemelex Xobeh
Vehumet

Shops:
D:5 (

Annotations:
D:5 1 runed translucent door, Edmund; WhatIsLove's ghost, novice HOMo


Innate Abilities, Weirdness & Mutations

A weak demonic guardian rushes to your aid.
Your movements are less encumbered by armour. (ER -4)
You have a tail ending in a sharp stinger.


Message History

There is a stone staircase leading down here.
x - a wand of iceblast (12)
Found a shadowy altar of Dithmenos.
Found a stone staircase leading up.
Edmund the Younger comes into view.
He is wielding a +4 dire flail of holy wrath.
Edmund shouts!
Aiming: Iceblast
Press: ? - help, Shift-Dir - straight line, f - Edmund
Aim: Edmund, wielding a +4 dire flail of holy wrath and wearing a +0 chain mail The mass of ice explodes!
The iceblast engulfs Edmund!
Edmund is moderately wounded.
You barely miss Edmund.
Edmund is moderately wounded.
Edmund hits you with a +4 dire flail of holy wrath!
You convulse.
You take 7 damage, and have 45/52 hp.
You now have 6/7 mp.
You barely miss Edmund.
Edmund is moderately wounded.
Edmund hits you with a +4 dire flail of holy wrath.
You convulse!
Edmund hits you with a +4 dire flail of holy wrath.
You convulse.
You take 15 damage, and have 30/52 hp.
MASSIVE DAMAGE!!
You now have 5/7 mp.
You barely miss Edmund.
Edmund is moderately wounded.
Edmund hits you with a +4 dire flail of holy wrath.
You convulse.
You take 4 damage, and have 26/52 hp.
You now have 4/7 mp.
You completely miss Edmund.
Your tail-slap misses Edmund.
Edmund is moderately wounded.
Edmund hits you with a +4 dire flail of holy wrath.
You convulse.
You take 4 damage, and have 22/52 hp.
You hit Edmund.
Edmund is moderately wounded.
Edmund hits you with a +4 dire flail of holy wrath!
* * * LOW HITPOINT WARNING * * *
A demonic guardian appears!
You convulse!!
You die...
Edmund says, "That'll show my brother!"

#....#....##.#>...
#.................
#################........
#........................
##.##############........
#.#####.. .............
#.##...5#######.........
#.#§§.#.#<#.............
#.#§§.@@..#.###.........
#.#.§(#.#...# #.........
#.#.# #.#.#########.....
#.# #.#.#.............
#.# #.#.#.............
#.# #.#.#.............
#.# ..#.........#.....
#.# ############.#.....
#.# #.......# #.#.....


You could see Edmund (ally target) and a friendly white imp (summoned).

Vanquished Creatures
  Duvessa (D:5)
  2 ice beasts
  2 phantoms
  A scorpion (D:5)
  Dowan (D:5)
  A jelly (D:5)
  Crazy Yiuf (D:4)
  An orc priest (D:3)
  A sleepcap (D:4)
  An iguana (D:4)
  Natasha (thrice) (D:2)
  Robin (D:3)
  10 adders
  2 ufetubi (D:4)
  2 adder skeletons (D:2)
  2 worms
  4 dart slugs
  4 orcs
  4 bats
  A bat skeleton (D:2)
  8 endoplasms
  3 giant cockroaches
  14 goblins
  10 hobgoblins
  11 jackals
  2 kobolds
  2 quokkas
  11 ball pythons
  A ball python zombie (D:2)
  9 frilled lizards
  A jackal zombie (D:2)
  3 rats
120 creatures vanquished.

Notes
Turn   | Place    | Note
-------+----------+-------------------------------------------
     0 | D:1      | Dirtsage the Demonspawn Fighter began the quest for the
                  | Orb.
     0 | D:1      | Reached XP level 1. HP: 18/18 MP: 1/1
    32 | D:1      | Reached skill level 2 in Axes
   117 | D:1      | Gained mutation: Your movements are slightly less
                  | encumbered by armour. (ER -2) [demonic ancestry]
   117 | D:1      | Reached XP level 2. HP: 20/24 MP: 2/2
   705 | D:2      | Reached skill level 3 in Axes
   748 | D:2      | Gained mutation: Your movements are less encumbered by
                  | armour. (ER -4) [demonic ancestry]
   748 | D:2      | Reached XP level 3. HP: 28/29 MP: 1/3
   767 | D:2      | Noticed Natasha
   770 | D:2      | Killed Natasha
   816 | D:2      | Noticed Natasha
   821 | D:2      | Killed Natasha
   822 | D:2      | Reached skill level 4 in Axes
   822 | D:2      | Gained mutation: You have a small tail. [demonic ancestry]
   822 | D:2      | Reached XP level 4. HP: 19/35 MP: 2/4
  1336 | D:2      | Noticed Natasha
  1337 | D:2      | Killed Natasha
  1338 | D:2      | Reached XP level 5. HP: 41/41 MP: 5/5
  1371 | D:3      | Noticed an ice beast
  1372 | D:3      | Found a burning altar of Makhleb.
  1384 | D:3      | Killed an ice beast
  1385 | D:3      | Reached skill level 5 in Axes
  1753 | D:3      | Found a hazy altar of Hepliaklqana.
  1869 | D:3      | Gained mutation: You have a tail ending in a sharp stinger.
                  | [demonic ancestry]
  1869 | D:3      | Reached XP level 6. HP: 45/47 MP: 4/6
  2146 | D:3      | Reached skill level 6 in Axes
  2197 | D:3      | Noticed Robin
  2215 | D:3      | Killed Robin
  2884 | D:4      | Identified the +0 leather armour of Gohiynav {-Cast *Slow
                  | rF+ rC+++}
  3063 | D:4      | Reached skill level 7 in Axes
  3063 | D:4      | Gained mutation: A weak demonic guardian rushes to your
                  | aid. [demonic ancestry]
  3063 | D:4      | Reached XP level 7. HP: 37/52 MP: 7/7
  3253 | D:4      | Found a radiant altar of Vehumet.
  3384 | D:4      | Found a runed translucent door.
  3385 | D:4      | Noticed Crazy Yiuf
  3392 | D:4      | Killed Crazy Yiuf
  3561 | D:4      | Found a sparkling altar of Nemelex Xobeh.
  3627 | D:5      | Entered Level 5 of the Dungeon
  3635 | D:5      | Found a runed translucent door.
  3752 | D:5      | Found Amatuts's Weapon Shoppe.
  4025 | D:5      | Noticed Duvessa
  4025 | D:5      | Noticed Dowan
  4039 | D:5      | Noticed WhatIsLove's ghost (novice HOMo)
  4046 | D:5      | Killed Duvessa
  4047 | D:5      | Reached skill level 8 in Axes
  4057 | D:5      | Killed Dowan
  4258 | D:5      | Found a shadowy altar of Dithmenos.
  4262 | D:5      | Noticed Edmund
  4268 | D:5      | Mangled by Edmund

Illustrated notes

Levels and vault maps discovered:
D:1:      sevenhm_arrival_forest_fort_large_4, layout_rooms
D:2:      layout_loops_ring, serial_undead, serial_undead_f, serial_undead_f,
          serial_undead_f, serial_undead_d, uniq_natasha
D:3:      layout_loops_cross, bloody_makhleb, lemuel_doored_altar,
          hangedman_feature_mirror, saegor_snake_ambush, uniq_robin
D:4:      layout_loops_ring, overflow_temple_1_default, marbit_many_paths,
          uniq_crazy_yiuf_cottage
D:5:      layout_basic, grunt_dithmenos_smoke, ebering_ghost_sewer_d,
          serial_shops, shop, uniq_duvessa, uniq_edmund

Skill      XL: |  1  2  3  4  5  6  7 |
---------------+----------------------+-----
Axes           | 2 3 4 5 7 8 |  8.7
Fighting       | |  3.0
Armour         | |  2.6
Shields        | |  2.6

Action                     |  1- 3 |  4- 6 |  7- 9 || total
---------------------------+-------+-------+-------++-------
  Melee: War axe           |    82 |   209 |    63 ||   354
         Tailslap          |       |    16 |    10 ||    26
  Evoke: Wand              |       |       |     1 ||     1
    Use: Potion            |       |     1 |       ||     1
         Scroll            |       |     6 |       ||     6
 Armour: Scale mail        |    62 |    95 |       ||   157
         Chain mail        |       |    39 |    15 ||    54
         Plate armour      |       |       |    39 ||    39
  Dodge: Dodged            |    41 |   118 |    22 ||   181
  Block: Buckler           |    20 |    53 |    10 ||    83

Table legend: (Time is in decaauts)
 A = Elapsed time spent in this place.
 B = Non-inter-level travel time spent in this place.
 C = Inter-level travel time spent in this place.
 D = Time resting spent in this place.
 E = Time spent auto-exploring this place.
 F = Levels seen in this place.
 G = Mean time per level.
                   A        B        C        D        E       F      G
               +--------+--------+--------+--------+--------+-----+--------+
         Total |   4384 |   4268 |    116 |    210 |   3230 |   5 |  876.8 |
       Dungeon |   4384 |   4268 |    116 |    210 |   3230 |   5 |  876.8 |
               +--------+--------+--------+--------+--------+-----+--------+

Top non-repeatable levels by time:
     D:3: 1338 daAuts
     D:4: 980 daAuts
     D:2: 885 daAuts
     D:5: 647 daAuts
     D:1: 532 daAuts
